 Dungeon Crawl Stone Soup version 0.27-a0-676-gc1da3516c2 (webtiles) character file.

Game seed: 17603467783626994791

6694 Bapho the Transmogrifier (level 10, -5/86 HPs)
             Began as a Black Draconian Transmuter on Mar 18, 2021.
             Was a Priest of Ru.
             Slain by an orc warrior
             ... wielding a +0 battleaxe
              (13 damage)
             ... in a bailey.
             The game lasted 00:29:50 (15278 turns).

Bapho the Transmogrifier (DrTm)                    Turns: 15278, Time: 00:29:51

Health: -5/86      AC: 11    Str: 13    XL:     10   Next: 74%
Magic:  28/28      EV: 14    Int: 15    God:    Ru [***...]
Gold:   1115       SH:  0    Dex: 13    Spells: 13/22 levels left

rFire    x . .     SeeInvis .     - Unarmed
rCold    x . .     Faith    .   (shield currently unavailable)
rNeg     . . .     Spirit   .   (armour unavailable)
rPois    .         Reflect  .   F - +2 hat
rElec    +         Harm     .   b - scarf {repulsion}
rCorr    .         Rampage  .   (gloves currently unavailable)
Will     .....     Clarity  +   D - +1 pair of boots
Stlth    +.........             (no amulet)
HPRegen  0.24/turn              j - ring of magical power
MPRegen  0.21/turn              (no ring)

@: blade hands, repel missiles
A: breathe lightning, AC +7, unfitting armour, electricity resistance,
cold-blooded, temperature sensitive, horns 1, clarity
a: Breathe Lightning, End Transformation, Renounce Religion, Draw Out Power


You were in a bailey.
You worshipped Ru.
Ru was most pleased with you.
You had blades for hands.
You visited 2 branches of the dungeon, and saw 11 of its levels.
You also visited: Bailey.

You collected 1115 gold pieces.

Inventory:

Missiles
 d - 299 stones (quivered)
Armour
 b - a scarf of repulsion (worn)
 D - a +1 pair of boots (worn)
 F - a +2 hat (worn)
Jewellery
 c - an amulet of guardian spirit
 e - a ring of ice
 j - a ring of magical power (right blade hand)
 l - a ring of willpower
 y - a +6 ring of dexterity
 C - a ring of flight
 E - an amulet of reflection
Wands
 g - a wand of iceblast (17)
 m - a wand of acid (10)
 n - a wand of polymorph (3)
 p - a wand of charming (2)
 u - a wand of flame (46)
Scrolls
 a - a scroll of blinking
 i - 3 scrolls of teleportation
 r - a scroll of enchant armour
 t - a scroll of enchant weapon
 v - a scroll of fear
 w - a scroll of amnesia
Potions
 f - 4 potions of brilliance
 k - 5 potions of curing
 q - 2 potions of haste


   Skills:
 + Level 7.3 Fighting
 + Level 6.3 Dodging
 + Level 7.3 Unarmed Combat
 - Level 6.5 Spellcasting
 - Level 9.3 Transmutations
 - Level 2.9 Poison Magic


You had 13 spell levels left.
You knew the following spells:

 Your Spells              Type           Power      Damage    Failure   Level
a - Beastly Appendage     Tmut           64%        N/A       10%         1
b - Spider Form           Tmut/Pois      11%        N/A       26%         3
c - Blade Hands           Tmut           16%        N/A       43%         5

Your spell library contained the following spells:

 Spells                   Type           Power      Damage    Failure   Level
 Wereblood                Tmut           32%        N/A       12%         2
 Ice Form                 Ice/Tmut       18%        N/A       63%         4


Dungeon Overview and Level Annotations

Branches:
Dungeon (10/15)            Temple (1/1) D:6            Lair (0/6) D:8
    Orc (0/2) D:10         Bailey (1/1)

Altars:
Ashenzari
Cheibriados
Dithmenos
Elyvilon
Fedhas
Gozag
Hepliaklqana
Kikubaaqudgha
Makhleb
Nemelex Xobeh
Okawaru
Qazlal
Ru
Sif Muna
Trog
Uskayaw
Vehumet
Wu Jian
Xom
Yredelemnul
Zin
The Shining One

Shops:
D:1 ==*   D:2 [   D:3 *   D:7 [[:=   D:8 *


Innate Abilities, Weirdness & Mutations

You have blades for hands.
Your spellcasting is less reliable in this form.
You are incapable of wielding weapons or throwing items.
You can breathe wild blasts of lightning.
Your glossy black scales are hard. (AC +7)
You cannot fit into any form of body armour.
You are resistant to electric shocks. (rElec)
You are cold-blooded and may be slowed by cold attacks.
You are sensitive to extremes of temperature. (rF-, rC-)
You have a pair of small horns on your head.
You possess an exceptional clarity of mind.


Message History

You kill the orc warrior!
The kobold throws a boomerang.
The boomerang closely misses you. The orc hits you with a +0 hand axe.
The goblin hits you with a +0 war axe.
You slash the orc warrior!
You tail-slap the orc warrior, but do no damage.
The orc warrior is heavily wounded.
The kobold is stunned by your conviction and fails to attack.
You redirect the orc's attack!
The orc barely misses itself.
You redirect the kobold's attack!
The kobold throws a boomerang.
The boomerang barely misses you.
The boomerang barely misses the orc.
The goblin hits you with a +0 war axe.
* * * LOW HITPOINT WARNING * * *
You focus your inner power and blind the goblin in retribution!
You hit the orc warrior. You headbutt the orc warrior.
The orc warrior is severely wounded.
The orc warrior closely misses you. The orc hits you but does no damage.
Unknown command.
You closely miss the orc warrior.
You headbutt the orc warrior, but do no damage.
You tail-slap the orc warrior, but do no damage.
The orc warrior is severely wounded.
The kobold is stunned by your conviction and fails to attack.
You redirect the goblin's attack!
The goblin barely misses itself.
The orc warrior is stunned by your conviction and fails to attack.
You closely miss the orc warrior.
The orc warrior is severely wounded.
The orc closely misses you.
The kobold throws a boomerang.
The boomerang barely misses you.
The orc warrior hits you with a +0 battleaxe!
* * * LOW HITPOINT WARNING * * *
The goblin shouts!
You barely miss the orc warrior. Your headbutt misses the orc warrior.
You tail-slap the orc warrior, but do no damage.
The orc warrior is severely wounded.
The orc hits you with a +0 hand axe.
* * * LOW HITPOINT WARNING * * *
The orc warrior hits you with a +0 battleaxe!
You die... ##+## #...# #...# #oog#

######@######
#...K≈.≈....#
#'###≈.≈###'#
#...K≈.≈K...#
#'###≈.≈###'#
#....≈.≈KK..#
#'###≈.≈###'#
#^...≈.≈....#
#'###≈(≈###'#


You could see an orc warrior, an orc, a goblin (blind) and 4 kobolds.

Vanquished Creatures
  Gastronok (D:9)
  A wyvern (D:10)
  4 yaks (D:10)
  2 wargs (D:10)
  2 water moccasins
  A black bear (D:9)
  An ice beast (D:9)
  5 orc warriors
  2 ogres
  A necrophage (D:7)
  7 centaurs
  2 phantoms
  3 bullfrogs
  2 kobold brigands
  A gnoll sergeant (D:6)
  2 scorpions
  5 killer bees (D:9)
  3 wights (D:8)
  3 howler monkeys (D:8)
  2 centaur zombies (D:7)
  A quasit (D:8)
  2 hounds
  8 orc priests
  A bullfrog zombie (D:8)
  3 iguanas
  6 worker ants
  7 orc wizards
  A worker ant zombie (D:9)
  11 adders
  8 gnolls
  A howler monkey skeleton (D:6)
  4 white imps
  2 oozes
  An adder skeleton (D:9)
  An adder zombie (D:5)
  2 worms (D:2)
  4 dart slugs
  9 leopard geckos
  41 orcs
  A ball python (D:6)
  8 giant cockroaches
  12 goblins
  3 hobgoblins
  2 jackals (D:6)
  23 kobolds
  6 quokkas
  2 bats
  4 frilled lizards
  A leopard gecko skeleton (D:4)
  A quokka skeleton (D:7)
  A quokka zombie (D:9)
  10 rats
237 creatures vanquished.

Vanquished Creatures (others)
  An ogre (D:8)
1 creature vanquished.

Grand Total: 238 creatures vanquished

Notes
Turn   | Place    | Note
-------+----------+-------------------------------------------
     0 | D:1      | Bapho the Draconian Transmuter began the quest for the Orb.
     0 | D:1      | Reached XP level 1. HP: 16/16 MP: 3/3
    21 | D:1      | Found Yriqaq Siadd's Assorted Antiques.
   251 | D:1      | Reached XP level 2. HP: 23/23 MP: 3/5
   351 | D:1      | Found Etia's Jewellery Emporium.
   914 | D:1      | Found Bism's Jewellery Emporium.
   955 | D:1      | Reached XP level 3. HP: 28/29 MP: 4/6
  1123 | D:1      | You fall into a shaft and drop 1 floor!
  1363 | D:2      | Learned a level 3 spell: Spider Form
  1517 | D:2      | Found Unkeik Det's Armour Boutique.
  1930 | D:2      | Reached XP level 4. HP: 36/36 MP: 7/7
  2308 | D:3      | Found Wekuan's General Store.
  2464 | D:2      | Reached skill level 1 in Poison Magic
  3960 | D:4      | Reached XP level 5. HP: 41/41 MP: 9/9
  3966 | D:4      | Reached skill level 3 in Transmutations
  4276 | D:4      | Noticed a centaur
  4285 | D:4      | Killed a centaur
  4286 | D:4      | Reached XP level 6. HP: 14/48 MP: 10/10
  4793 | D:5      | Entered Level 5 of the Dungeon
  5226 | D:5      | Reached skill level 4 in Transmutations
  5780 | D:5      | Learned a level 5 spell: Blade Hands
  5798 | D:5      | Your scales start taking on a glossy black colour.
  5798 | D:5      | Reached XP level 7. HP: 53/55 MP: 12/12
  5798 | D:5      | Gained mutation: You are resistant to electric shocks.
                  | (rElec) [Black Draconian growth]
  6044 | D:5      | Reached skill level 5 in Transmutations
  6412 | D:5      | Found an opulent altar of Gozag.
  6412 | D:5      | Found a basalt altar of Yredelemnul.
  7554 | D:6      | Found a staircase to the Ecumenical Temple.
  7567 | Temple   | Entered the Ecumenical Temple
  7615 | Temple   | Became a worshipper of Ru the Awakened
  7839 | D:6      | Reached skill level 6 in Transmutations
  8234 | D:5      | Reached XP level 8. HP: 57/61 MP: 15/15
  8534 | D:6      | Reached skill level 5 in Spellcasting
  9141 | D:7      | Reached skill level 7 in Transmutations
  9700 | D:7      | Found Annilihi's Jewellery Emporium.
  9909 | D:7      | Found Kiudug's Book Shop.
 10110 | D:7      | Reached skill level 8 in Transmutations
 10486 | D:7      | Gained mutation: You are sensitive to extremes of
                  | temperature. (rF-, rC-) [Ru sacrifice]
 10486 | D:7      | Reached * piety under Ru
 10486 | D:7      | Reached ** piety under Ru
 10486 | D:7      | Reached *** piety under Ru
 10559 | D:7      | HP: 3/61 [centaur (2)]
 10834 | D:7      | Found a sacrificial altar of Ru.
 10844 | D:7      | Found Niozovie's Antique Armour Shop.
 10854 | D:7      | Found Ullamuaj's Armour Shop.
 11147 | D:8      | Found Vygosm's General Store.
 11577 | D:8      | Reached XP level 9. HP: 63/67 MP: 18/18
 11584 | D:8      | Reached skill level 9 in Transmutations
 12218 | D:8      | Found a staircase to the Lair.
 12273 | D:8      | Found an opulent altar of Gozag.
 13232 | D:9      | Noticed Gastronok
 13248 | D:9      | Killed Gastronok
 13249 | D:9      | Reached skill level 5 in Fighting
 13249 | D:9      | Reached skill level 5 in Dodging
 13249 | D:9      | Reached XP level 10. HP: 21/83 MP: 19/19
 14486 | D:9      | Found a broken altar of Ashenzari.
 14486 | D:9      | Found a shimmering altar of Xom.
 14527 | D:10     | Entered Level 10 of the Dungeon
 15162 | D:10     | Found a flagged portal.
 15187 | Bailey   | Entered a bailey
 15216 | Bailey   | Identified a scroll of acquirement
 15216 | Bailey   | Acquired 603 gold pieces
 15220 | Bailey   | Gained mutation: You have a pair of small horns on your
                  | head. [potion of mutation]
 15220 | Bailey   | Gained mutation: You possess an exceptional clarity of
                  | mind. [potion of mutation]
 15278 | Bailey   | Slain by an orc warrior

Illustrated notes

Levels and vault maps discovered:
D:1:      nicolae_arrival_memento_mori, layout_basic, serial_shops, shop,
          shop_statue, shop
D:2:      minmay_diamond_boxcup, layout_basic, serial_shops, shop
D:3:      layout_basic, serial_shops, shop
D:4:      layout_rooms
D:5:      minmay_spotlight, layout_basic, grunt_temple_overflow_open
D:6:      layout_gridville, temple_pool_b, item_on_display_a
D:7:      layout_loops_corners, serial_shops, shop, kennysheep_little_box,
          nicolae_shop_crystal, kennysheep_mini, corexii_hall_statues_u,
          kennysheep_flooded_box, nicolae_ru_path_of_blood
D:8:      layout_loops_cross, lair_entry_dummy, basic_altar, serial_shops, shop
D:9:      layout_roguey, gammafunk_temple_overflow_wave, uniq_gastronok
D:10:     layout_roguey, erik_orc_4, enter_bailey_5,
          nicolae_trove_entry_crossroad
Temple:   nicolae_temple_no_exploring_needed
Bailey:   bailey_axe_1, bailey

Skill      XL: |  1  2  3  4  5  6  7  8  9 10 |
---------------+-------------------------------+-----
Dodging        | 2 5 6 |  6.3
Fighting       | 2 5 7 |  7.3
Poison Magic   | 1 2 |  2.9
Transmutations | 3 4 6 8 9 |  9.3
Spellcasting   | 3 4 6 |  6.5
Unarmed Combat | 6 7 |  7.3

Action                   |  1- 3 |  4- 6 |  7- 9 | 10-12 || total
-------------------------+-------+-------+-------+-------++-------
Melee: Unarmed           |    75 |   150 |   329 |   160 ||   714
       Kick              |     9 |     4 |       |       ||    13
       Headbutt          |     9 |     2 |       |     4 ||    15
       Punch             |     3 |       |     4 |     3 ||    10
       Tailslap          |     2 |    11 |    10 |    10 ||    33
Throw: Stone             |    49 |    77 |    17 |     3 ||   146
 Cast: Beastly Appendage |    19 |     7 |       |       ||    26
       Spider Form       |       |    13 |    37 |       ||    50
       Blade Hands       |       |       |    12 |    17 ||    29
Invok: Draw Out Power    |       |       |     1 |       ||     1
       Sacrifice Resista |       |       |     1 |       ||     1
       Reject Sacrifices |       |       |       |     1 ||     1
 Abil: Breathe Lightning |       |       |     1 |       ||     1
  Use: Scroll            |       |     9 |     1 |     6 ||    16
       Potion            |       |     1 |     1 |     3 ||     5
Armor: Skin              |    17 |    14 |    41 |    55 ||   127
Dodge: Dodged            |    33 |   114 |   279 |   191 ||   617
       Repelled          |       |     1 |     1 |     1 ||     3

Table legend: (Time is in decaauts)
 A = Elapsed time spent in this place.
 B = Non-inter-level travel time spent in this place.
 C = Inter-level travel time spent in this place.
 D = Time resting spent in this place.
 E = Time spent auto-exploring this place.
 F = Levels seen in this place.
 G = Mean time per level.
                   A        B        C        D        E       F      G
               +--------+--------+--------+--------+--------+-----+--------+
         Total |  15301 |  14861 |    440 |   3662 |   9429 |  12 | 1275.1 |
       Dungeon |  15157 |  14725 |    432 |   3620 |   9422 |  10 | 1515.7 |
        Temple |     56 |     48 |      8 |     28 |      0 |   1 |   56.0 |
        Bailey |     87 |     87 |      0 |     14 |      7 |   1 |   87.0 |
               +--------+--------+--------+--------+--------+-----+--------+

Top non-repeatable levels by time:
     D:5: 2964 daAuts
     D:7: 2414 daAuts
     D:9: 1849 daAuts
     D:8: 1725 daAuts
     D:2: 1672 daAuts
     D:1: 1304 daAuts
     D:6: 1198 daAuts
     D:3: 910 daAuts
     D:4: 908 daAuts
    D:10: 210 daAuts
  Bailey: 87 daAuts
  Temple: 56 daAuts
